 Dungeon Crawl Stone Soup version 0.21.1-1-g345015f (webtiles) character file.

231 tidbits the Sneak (level 6, -1/44 HPs)
             Began as a Gnoll Enchanter on June 6, 2018.
             Killed by a distortion unwield (18 damage)
             ... on level 3 of the Dungeon.
             The game lasted 00:05:51 (522 turns).

tidbits the Sneak (Gnoll Enchanter)                  Turns: 522, Time: 00:05:51

Health: -1/44      AC:  2    Str: 11    XL:     6   Next: 3%
Magic:  1/13       EV: 15    Int: 19    God:
Gold:   118        SH:  0    Dex: 15    Spells: 6/15 levels left

rFire    . . .     SeeInvis .     - Unarmed
rCold    . . .     Gourm    .   (no shield)
rNeg     . . .     Faith    .   b - +0 robe
rPois    .         Spirit   .   (no helmet)
rElec    .         Reflect  .   (no cloak)
rCorr    .         Harm     .   (no gloves)
MR       .....                  (no boots)
Stlth    +++.......             (no amulet)
HPRegen  0.14/turn              (no ring)
MPRegen  0.13/turn              (no ring)

@: no status effects
A: distributed training, fangs 1, strong nose
a: no special abilities


You were on level 3 of the Dungeon.
You were not hungry.

You visited 1 branch of the dungeon, and saw 3 of its levels.

You collected 118 gold pieces.

Inventory:

Hand Weapons
 a - a +1 dagger
 i - a +1 mace of distortion
   (You found it on level 3 of the Dungeon)
Missiles
 e - 52 stones (quivered)
 k - 44 sling bullets
 n - 2 throwing nets {!f}
Armour
 b - a +0 robe (worn)
 o - a +0 leather armour of poison resistance
   (You found it on level 2 of the Dungeon)
 p - a cursed -2 scale mail
Scrolls
 g - a scroll of remove curse {unknown}
 j - a scroll of amnesia {unknown}
 m - a scroll of blinking {unknown}
Potions
 f - a potion of curing {unknown}
 h - 2 potions of lignification {unknown}
 l - a potion of resistance {unknown}
Books
 c - a book of Maledictions

   Spells                             Type                      Level
   a - Corona                         Hexes                        1
   b - Ensorcelled Hibernation        Hexes/Ice                    2
   c - Confuse                        Hexes                        3
   d - Tukima's Dance                 Hexes                        3
   e - Dazzling Spray                 Conjuration/Hexes            3
Comestibles
 d - a ration


   Skills:
 + Level 1.7 Fighting
 + Level 3.1 Short Blades
 + Level 1.7 Long Blades
 + Level 1.7 Axes
 + Level 1.7 Maces & Flails
 + Level 1.7 Polearms
 + Level 1.7 Staves
 + Level 1.7 Slings
 + Level 1.7 Bows
 + Level 1.7 Crossbows
 + Level 1.7 Throwing
 + Level 1.7 Armour
 + Level 4.9 Dodging
 + Level 6.2 Stealth
 + Level 1.7 Shields
 + Level 1.7 Unarmed Combat
 + Level 5.2 Spellcasting
 + Level 1.3 Conjurations
 + Level 5.6 Hexes
 + Level 1.3 Charms
 + Level 1.3 Summonings
 + Level 1.3 Necromancy
 + Level 1.3 Translocations
 + Level 1.3 Transmutations
 + Level 1.3 Fire Magic
 + Level 1.3 Ice Magic
 + Level 1.3 Air Magic
 + Level 1.3 Earth Magic
 + Level 1.3 Poison Magic
 + Level 1.9 Invocations
 + Level 1.7 Evocations


You had 6 spell levels left.
You knew the following spells:

 Your Spells              Type           Power        Failure   Level  Hunger
a - Corona                Hex            ####...      1%          1    None
c - Confuse               Hex            ####....     3%          3    ##.....
d - Dazzling Spray        Conj/Hex       ###...       9%          3    ##.....
e - Ensorcelled Hibernat  Hex/Ice        ###...       4%          2    None


Dungeon Overview and Level Annotations

Branches:
Dungeon (3/15)

Altars:
Kikubaaqudgha
Yredelemnul


Innate Abilities, Weirdness & Mutations

Your experience applies equally to all skills.
You have very sharp teeth.
Your uncanny sense of smell can sniff out nearby items.


Message History

Aim: a giant cockroach (chance to defeat MR: 64%)
The giant cockroach looks drowsy...
The giant cockroach bites you but does no damage.
Found 5 sling bullets.
You hit the giant cockroach. You punch the giant cockroach.
You bite the giant cockroach, but do no damage.
The giant cockroach is almost dead.
The giant cockroach completely misses you.
You closely miss the giant cockroach.
The giant cockroach is almost dead.
The giant cockroach closely misses you.
You hit the giant cockroach but do no damage.
You bite the giant cockroach, but do no damage.
The giant cockroach is almost dead.
The giant cockroach bites you.
You hit the giant cockroach.
You kill the giant cockroach!
Vatarom's ghost (amateur Kobold Conjurer) comes into view.
You see here 4 gold pieces.
You now have 118 gold pieces (gained 4).
There is an open door here.
Found a basalt altar of Yredelemnul.
Unknown command.
You see here 5 sling bullets.
k - 44 sling bullets (gained 5)
Casting: Ensorcelled Hibernation
Confirm with . or Enter, or press ? or * to list all spells.
Aiming: Confuse
Press: ? - help, Shift-Dir - straight line, f - vatarom's ghost
Aim: vatarom's ghost (hasn't noticed you, chance to defeat MR: 42%) Vatarom's ghost turns its malevolent gaze towards you.
Vatarom's ghost resists with some effort.
You hear a shout!
Casting: Confuse
Confirm with . or Enter, or press ? or * to list all spells.
Aiming: Confuse
Press: ? - help, Shift-Dir - straight line, f/p - vatarom's ghost
Aim: vatarom's ghost (chance to defeat MR: 42%) Vatarom's ghost resists with some effort.
Unknown command.
Wield which item (- for none, * to show all)? (? for menu, Esc to quit)
Okay, then.
Unknown command.
Wield which item (- for none, * to show all)? (? for menu, Esc to quit)
Space warps around you for a moment!
i - a +1 mace of distortion (weapon)
You closely miss vatarom's ghost.
You bite vatarom's ghost, but do no damage.
Vatarom's ghost barely misses you. Vatarom's ghost hits you.
You hit vatarom's ghost.
Space warps horribly around vatarom's ghost!
Vatarom's ghost is heavily damaged.
Vatarom's ghost misses you.
You barely miss vatarom's ghost. Your bite misses vatarom's ghost.
Vatarom's ghost is heavily damaged.
Vatarom's ghost gestures at you while chanting.
The magic dart hits you!
A kobold comes into view. It is wielding a dagger.
You barely miss vatarom's ghost.
Vatarom's ghost is heavily damaged.
Vatarom's ghost points at you and mumbles some strange words.
The magic dart hits you! Vatarom's ghost hits you!
* * * LOW HITPOINT WARNING * * *
Unknown command.
You sock vatarom's ghost!
Space warps horribly around vatarom's ghost!
You destroy vatarom's ghost!
Your Short Blades skill increases to level 3!
You have reached level 6!
Your experience leads to an increase in your attributes!
Increase (S)trength, (I)ntelligence, or (D)exterity?
You feel clever.
Casting: Confuse
Confirm with . or Enter, or press ? or * to list all spells.
You don't have enough magic to cast that spell.
Casting: Confuse
Confirm with . or Enter, or press ? or * to list all spells.
Aiming: Corona
Press: ? - help, Shift-Dir - straight line, f - kobold
Aim: a kobold, wielding a dagger and wearing a runed scale mail (chance to defeat MR: 81%)
The kobold is outlined in light.
The kobold barely misses you.
You hit the kobold but do no damage. The kobold closely misses you.
The kobold hits you with a dagger.
* * * LOW HITPOINT WARNING * * *
You hit the kobold but do no damage.
The kobold blinks!
You hit the kobold.
The kobold is severely wounded.
The kobold blinks!
You hit the withered plant.
The withered plant is lightly damaged.
The kobold closely misses you.
You hit the kobold but do no damage.
Space bends around the kobold.
You kill the kobold!
Things that are here:
a dagger; a runed scale mail
p - a runed scale mail Wield which item (- for none, * to show all)? (? for menu, Esc to quit)
Really unwield
i - a +1 mace of distortion?
You are crushed and pinned by an extremely strong localised spatial distortion!
You die...

.. .. #. #. .#
##.##.## .# .......##.
∆ #.......###.#
#...P.P.....##+##
#.#.._..# ##...##
#...P.P.# ##.....##
.####...@.###.......##
........#.##.........#
...........'.........+
###.#...#.##.........#
# ##.##.###.......##
#. #.# ##.....## #.
#.# ##...## .. ..#
##'## #. ### #.#


There were no monsters in sight!

Vanquished Creatures
  The ghost of vatarom the Conjurer, an amateur KoCj (D:3)
  An ogre (D:3)
  2 adders
  An orc (D:3)
  4 bats
  A giant cockroach (D:3)
  3 goblins
  3 jackals
  5 kobolds (D:3)
  A ball python (D:1)
  2 rats
24 creatures vanquished.

Notes
Turn   | Place    | Note
-------+----------+-------------------------------------------
     0 | D:1      | tidbits the Gnoll Enchanter began the quest for the Orb.
     0 | D:1      | Reached XP level 1. HP: 13/13 MP: 6/6
   137 | D:3      | Reached XP level 2. HP: 17/20 MP: 4/7
   141 | D:3      | Learned a level 2 spell: Ensorcelled Hibernation
   182 | D:2      | Reached XP level 3. HP: 16/25 MP: 1/9
   206 | D:2      | Learned a level 3 spell: Confuse
   210 | D:2      | Learned a level 3 spell: Dazzling Spray
   221 | D:3      | Noticed an ogre
   223 | D:3      | Killed an ogre
   223 | D:3      | Reached skill level 1 in Fighting
   223 | D:3      | Reached skill level 1 in Long Blades
   223 | D:3      | Reached skill level 1 in Axes
   223 | D:3      | Reached skill level 1 in Maces & Flails
   223 | D:3      | Reached skill level 1 in Polearms
   223 | D:3      | Reached skill level 1 in Staves
   223 | D:3      | Reached skill level 1 in Slings
   223 | D:3      | Reached skill level 1 in Bows
   223 | D:3      | Reached skill level 1 in Crossbows
   223 | D:3      | Reached skill level 1 in Throwing
   223 | D:3      | Reached skill level 1 in Armour
   223 | D:3      | Reached skill level 6 in Stealth
   223 | D:3      | Reached skill level 1 in Shields
   223 | D:3      | Reached skill level 1 in Unarmed Combat
   223 | D:3      | Reached skill level 5 in Spellcasting
   223 | D:3      | Reached skill level 1 in Conjurations
   223 | D:3      | Reached skill level 1 in Charms
   223 | D:3      | Reached skill level 1 in Summonings
   223 | D:3      | Reached skill level 1 in Necromancy
   223 | D:3      | Reached skill level 1 in Translocations
   223 | D:3      | Reached skill level 1 in Transmutations
   223 | D:3      | Reached skill level 1 in Fire Magic
   223 | D:3      | Reached skill level 1 in Ice Magic
   223 | D:3      | Reached skill level 1 in Air Magic
   223 | D:3      | Reached skill level 1 in Earth Magic
   223 | D:3      | Reached skill level 1 in Poison Magic
   223 | D:3      | Reached skill level 1 in Invocations
   223 | D:3      | Reached skill level 1 in Evocations
   223 | D:3      | Reached XP level 4. HP: 21/32 MP: 3/11
   277 | D:1      | Reached XP level 5. HP: 26/37 MP: 4/12
   378 | D:2      | Found an ancient bone altar of Kikubaaqudgha.
   493 | D:3      | Noticed vatarom's ghost (amateur KoCj)
   497 | D:3      | Found a basalt altar of Yredelemnul.
   512 | D:3      | Killed vatarom's ghost
   512 | D:3      | Reached skill level 3 in Short Blades
   512 | D:3      | Reached XP level 6. HP: 17/44 MP: 1/13
   522 | D:3      | Killed by a distortion unwield

Skill      XL: |  1  2  3  4  5 |
---------------+----------------+-----
Fighting       | 1 |  1.7
Long Blades    | 1 |  1.7
Axes           | 1 |  1.7
Maces & Flails | 1 |  1.7
Polearms       | 1 |  1.7
Staves         | 1 |  1.7
Slings         | 1 |  1.7
Bows           | 1 |  1.7
Crossbows      | 1 |  1.7
Throwing       | 1 |  1.7
Armour         | 1 |  1.7
Stealth        | 6 |  6.2
Shields        | 1 |  1.7
Unarmed Combat | 1 |  1.7
Spellcasting   | 5 |  5.2
Conjurations   | 1 |  1.3
Charms         | 1 |  1.3
Summonings     | 1 |  1.3
Necromancy     | 1 |  1.3
Translocations | 1 |  1.3
Transmutations | 1 |  1.3
Fire Magic     | 1 |  1.3
Ice Magic      | 1 |  1.3
Air Magic      | 1 |  1.3
Earth Magic    | 1 |  1.3
Poison Magic   | 1 |  1.3
Invocations    | 1 |  1.9
Evocations     | 1 |  1.7
Short Blades   | 3 |  3.1
Dodging        | |  4.9
Hexes          | |  5.6

Action                   |  1- 3 |  4- 6 || total
-------------------------+-------+-------++-------
Melee: Dagger            |    14 |    30 ||    44
       Bite              |     1 |     5 ||     6
       Mace              |       |    10 ||    10
       Punch             |       |     1 ||     1
 Cast: Corona            |     2 |     4 ||     6
       Ensorcelled Hiber |     3 |    12 ||    15
       Confuse           |       |     2 ||     2
 Stab: Sleeping          |     7 |     7 ||    14
Armor: Robe              |     2 |     4 ||     6
Dodge: Dodged            |    14 |    41 ||    55

Table legend:
 A = Turns spent in this place as a percentage of turns spent in the entire game.
 B = Non-inter-level travel turns spent in this place as a percentage of non-inter-level travel turns spent in the entire game.
 C = Inter-level travel turns spent in this place as a percentage of turns spent in this place.
 D = Turns resting spent in this place as a percentage of non-inter-level travel turns spent in this place.
 E = Turns spent auto-exploring this place as a percentage of non-inter-level travel turns spent in this place.
 F = Non-inter-level travel turns spent in this place divided by the number of levels of this place that you've seen.
                   A       B       C       D       E      F
               +-------+-------+-------+-------+-------+----------------------
         Total | 100.0 | 100.0 |   0.0 |   0.0 |   0.0 | 174.0
       Dungeon | 100.0 | 100.0 |   0.0 |   0.0 |   0.0 | 174.0
               +-------+-------+-------+-------+-------+----------------------

Table legend:
 A = Kills in this place as a percentage of kills in entire the game.
 B = Kills by you in this place as a percentage of kills by you in the entire game.
 C = Kills by friends in this place as a percentage of kills by friends in the entire game.
 D = Other kills in this place as a percentage of other kills in the entire game.
 E = Experience gained in this place as a percentage of experience gained in the entire game.
 F = Experience gained in this place divided by the number of levels of this place that you have seen.
                   A       B       C       D       E      F
               +-------+-------+-------+-------+-------+----------------------
         Total | 100.0 | 100.0 |   N/A |   N/A | 100.0 | 110.0
       Dungeon | 100.0 | 100.0 |   N/A |   N/A | 100.0 | 110.0
               +-------+-------+-------+-------+-------+----------------------

Vault maps used:
D:1:      shiori_shiawase
D:2:      lemuel_doored_altar
D:3:      yredelemnul_altar_generic, serial_bayou, serial_bayou_pond_a,
          serial_bayou_pond_e, serial_bayou_shore_a, serial_bayou_pond_e
